 Dungeon Crawl Stone Soup version 0.21-a0-404-g291f19a (webtiles) character file.

66 Klosterheim the Caller (level 3, -8/19 HPs)
             Began as a Deep Elf Summoner on Oct 29, 2017.
             Killed from afar by Ijyb (13 damage)
             ... with a wand of lightning (?/15)
             ... on level 3 of the Dungeon.
             The game lasted 00:08:28 (3177 turns).

Klosterheim the Caller (Deep Elf Summoner)          Turns: 3177, Time: 00:08:28

Health: -8/19      AC:  3    Str:  8    XL:     3   Next: 96%
Magic:  1/11       EV: 13    Int: 20    God:
Gold:   136        SH:  0    Dex: 15    Spells: 7/11 levels left

rFire    . . .     SeeInvis .   m - +1 dagger (venom)
rCold    . . .     Gourm    .   (no shield)
rNeg     . . .     Faith    .   a - +1 robe
rPois    .         Spirit   .   (no helmet)
rElec    .         Reflect  .   (no cloak)
rCorr    .         Harm     .   (no gloves)
MR       .....                  (no boots)
Stlth    ++........             (no amulet)
HPRegen  0.06/turn              o - +3 ring of strength
MPRegen  0.12/turn              (no ring)

@: very slightly contaminated
A: no striking features
a: no special abilities


You were on level 3 of the Dungeon.
You were hungry.

You visited 1 branch of the dungeon, and saw 3 of its levels.

You collected 136 gold pieces.

Inventory:

Hand Weapons
 m - a +1 dagger of venom (weapon)
Armour
 a - a +1 robe (worn)
Jewellery
 o - a +3 ring of strength (left hand)
Scrolls
 h - 3 scrolls of identify
 i - a scroll of amnesia
 j - a scroll of blinking {unknown}
 k - a scroll of enchant weapon {unknown}
 l - a scroll of noise {unknown}
Potions
 e - a potion of curing {unknown}
Books
 b - a book of Callings

   Spells                             Type                      Level
   a - Summon Small Mammal            Summoning                    1
   b - Call Imp                       Summoning                    2
   c - Call Canine Familiar           Summoning                    3
   d - Summon Guardian Golem          Hexes/Summoning              3
   e - Summon Lightning Spire         Summoning/Air                4
   f - Summon Ice Beast               Ice/Summoning                4
Comestibles
 c - 2 bread rations
 d - a meat ration
 f - 3 fruits
 g - a royal jelly
 n - a chunk of flesh


   Skills:
 - Level 2.4 Dodging
 - Level 2.4 Stealth
 + Level 4.6 Spellcasting
 + Level 5.3 Summonings


You had 7 spell levels left.
You knew the following spells:

 Your Spells              Type           Power        Failure   Level  Hunger
a - Summon Small Mammal   Summ           ####         1%          1    None
b - Call Canine Familiar  Summ           ####....     4%          3    ##.....


Dungeon Overview and Level Annotations

Branches:
Dungeon (3/15)

Altars:

Annotations:
D:3 Ijyb


Message History

Your rat bites Ijyb but does no damage.
Casting: Summon Small Mammal
Confirm with . or Enter, or press ? or * to list all spells.
Something barely misses your rat.
Your rat closely misses Ijyb.
What are your orders? t - Shout!
Orders for allies: a - Attack new target. r - Retreat! s - Stop attacking. g - Guard the area. f - Follow me.
Anything else - Cancel.
Gang up on whom?
Press: ? - help, Dir - move target cursor, f - Ijyb
Aim: Ijyb, wearing a chain mail and carrying a wand of lightning (?/15) {zapped: 4} (lightly wounded) Attack!
Ijyb zaps a wand.
The bolt of lightning hits your rat.
Your rat dies!
Your rat's corpse disappears in a puff of smoke!
The bolt of lightning hits you!
Ouch! That really hurt!
You die...

.# ##.# #### .## #..# #.. ..
###..#### #.# .# .......#
##.####.#
#######.###.#####.......#
....)..÷.........r§g..#.#
#####....(...(.÷..##..#.######
#....(..[...@h##........?g
#.............##.g..######
#.............##....#
#.............####).#
#.............# .()..
#.............# ........
#....(........#...........
#.........................
#.............#...........


You could see Ijyb, a friendly hound and a friendly quokka.

Vanquished Creatures
  A worm (D:3)
  A hobgoblin (D:3)
  3 goblins
  A kobold (D:3)
  3 rats
9 creatures vanquished.

Vanquished Creatures (collateral kills)
  A worker ant (D:2)
  An adder (D:2)
  2 oozes (D:1)
  2 worms (D:2)
  4 dart slugs
  3 leopard geckos
  An orc (D:3)
  3 bats
  A bat zombie (D:3)
  A giant cockroach (D:3)
  6 goblins
  4 hobgoblins
  5 kobolds
  A quokka (D:2)
  A ball python (D:3)
  A frilled lizard (D:1)
  3 rats
40 creatures vanquished.

Grand Total: 49 creatures vanquished

Notes
Turn   | Place    | Note
-------+----------+-------------------------------------------
     0 | D:1      | Klosterheim the Deep Elf Summoner began the quest for the Orb.
     0 | D:1      | Reached XP level 1. HP: 10/10 MP: 6/6
   317 | D:1      | Reached XP level 2. HP: 14/15 MP: 4/8
  1829 | D:2      | Reached skill level 5 in Summonings
  1829 | D:2      | Reached XP level 3. HP: 8/19 MP: 5/10
  2138 | D:2      | Learned a level 3 spell: Call Canine Familiar
  2909 | D:3      | Noticed Ijyb
  3177 | D:3      | Killed from afar by Ijyb

Vault maps used:
D:1:      dpeg_arrival_boxes_within_box, hangedman_decor_points, st_stairs_4,
          minivault_26
D:3:      lemuel_coloured_pillars_altar, lemuel_zombie_altar_kikubaaqudgha,
          yredelemnul_forgotten_temple_becter, kennysheep_cross_bottleneck,
          uniq_ijyb

Skill      XL: |  1  2 |
---------------+-------+-----
Spellcasting   | 4 |  4.6
Summonings     | 5 |  5.3
Dodging        | |  2.4
Stealth        | |  2.4

Action                   || total
-------------------------++-------
Melee: Unarmed           ||     6
       Dagger            ||    29
 Cast: Summon Small Mamm ||   106
       Call Canine Famil ||    10
  Use: Scroll            ||     2
  Eat: Chunk             ||     6
       Fruit             ||     1
Armor: Robe              ||    11
Dodge: Dodged            ||    72

Table legend:
 A = Spawn XP
 B = Non-spawn XP
 C = Spawn XP percentage of total XP
 D = Spawn monster count
 E = Non-spawn monster count
 F = Spawn count percentage of total count
 G = Total turns spent on level
                    A         B        C        D         E        F      G
               +---------+---------+-------+---------+---------+-------+---------
         Total |       0 |      95 |   0.0 |       0 |      49 |   0.0 |  3177
               +---------+---------+-------+---------+---------+-------+---------
           D:1 |       0 |      29 |   0.0 |       0 |      19 |   0.0 |  1580
           D:2 |       0 |      43 |   0.0 |       0 |      14 |   0.0 |  1263
           D:3 |       0 |      23 |   0.0 |       0 |      16 |   0.0 |   334
               +---------+---------+-------+---------+---------+-------+---------
